 Dungeon Crawl Stone Soup version 0.29.1-12-g30fa7ad0bf (webtiles) character file.

Game seed: 5471772808116056183

13743 Gabide the Fighter (level 11, 0/96 HPs)
             Began as a Mummy Berserker on Dec 21, 2022.
             Was an Elder of Trog.
             Slain by a yak (5 damage)
             ... on level 1 of the Lair of Beasts.
             The game lasted 00:23:21 (15863 turns).

Gabide the Fighter (Mummy Berserker)               Turns: 15863, Time: 00:23:22

Health: 0/96       AC: 17    Str: 27    XL:     11   Next: 79%
Magic:  0/11       EV: 10    Int:  8    God:    Trog [****..]
Gold:   545        SH:  0    Dex: 11    Spells: 10/10 levels left

rFire   + . .      SeeInvis .   e - +9 trident of Spring {vorpal, Fragile rF+ Str+3 Stlth+}
rCold   . . .      Faith    .   (no shield)
rNeg    + + +      Spirit   +   g - +3 chain mail
rPois   ∞          Reflect  .   a - +2 helmet
rElec   .          Harm     .   (no cloak)
rCorr   .          Rampage  .   m - +0 pair of gloves
Will    +++..                   b - +1 pair of boots
Stlth   ..........              j - amulet of guardian spirit
HPRegen 1.26/turn               f - ring of fire
MPRegen 0.12/turn               (no ring)

@: strong-willed, regenerating
A: cold resistance 1, negative energy resistance 3, torment resistance 2, heat
vulnerability 1, in touch with death 1, no potions
a: Renounce Religion, Trog's Hand, Brothers in Arms


You were on level 1 of the Lair of Beasts.
You worshipped Trog.
Trog was greatly pleased with you.
You visited 2 branches of the dungeon, and saw 9 of its levels.
You also visited: Ossuary.

You collected 545 gold pieces.

Inventory:

Hand Weapons
 e - the +9 trident of Spring (weapon) {vorpal, Fragile rF+ Str+3 Stlth+}
   (You found it on level 1 of the Lair of Beasts)

   It inflicts extra damage upon your enemies.
   Str:       It affects your strength (+3).
   rF:        It protects you from fire.
   Fragile:   It will be destroyed if unequipped.
   Stlth:     It makes you more stealthy.
 q - a +4 scimitar of flaming
Missiles
 h - 4 poisoned darts (quivered)
 n - an atropa-tipped dart
Armour
 a - a +2 helmet (worn)
 b - a +1 pair of boots (worn)
 g - a +3 chain mail (worn)
 k - a +2 robe of fire resistance
 m - a +0 pair of gloves (worn)
 o - a +1 robe of willpower
Jewellery
 f - a ring of fire (left hand)
 j - an amulet of guardian spirit (around neck)
Wands
 c - a wand of charming (10)
Scrolls
 d - a scroll of teleportation
 i - a scroll of brand weapon
 p - a scroll of torment
 r - 3 scrolls of vulnerability {unknown}


   Skills:
 * Level 12.5 Fighting
 - Level 1.5 Armour
 + Level 7.4 Dodging
 * Level 10.6 Unarmed Combat


You had 10 spell levels left.
You didn't know any spells.
Your spell library was empty.

Dungeon Overview and Level Annotations

Branches:
Dungeon (8/15)             Temple (0/1) D:7            Lair (1/5) D:8
Ossuary (visited)

Altars:
Cheibriados

Shops:
D:2 *   D:7 =

Annotations:
Lair:1 Fannar


Innate Abilities, Weirdness & Mutations

You are immune to poison.
Your flesh is cold resistant. (rC+)
You are immune to negative energy. (rN+++)
You are immune to unholy pain and torment.
You are vulnerable to heat. (rF-)
You are in touch with the powers of death.
You do not drink.


Message History

You are slowing down.
The catoblepas gores you! The yak gores you but does no damage.
The yak attacks as you move away! The yak gores you but does no damage.
You are engulfed in calcifying dust.
The catoblepas looks more healthy.
The catoblepas breathes a plume of calcifying dust at you.
The blast of calcifying dust hits you but does no damage.
Your limbs are stiffening.
The yak attacks as you move away! The yak gores you but does no damage.
The yak is engulfed in calcifying dust.
The yak is moving more slowly.
The yak gores you!
The catoblepas breathes a plume of calcifying dust at you.
The blast of calcifying dust hits the yak.
The blast of calcifying dust hits you but does no damage.
You have turned to stone.
You are engulfed in calcifying dust.
The yak gores you!
You are engulfed in calcifying dust.
The yak gores you but does no damage.
You are engulfed in calcifying dust.
The catoblepas gores you!! The yak gores you but does no damage.
You are engulfed in calcifying dust.
The yak stops moving altogether!
The catoblepas breathes a plume of calcifying dust at you.
The blast of calcifying dust hits you but does no damage.
The yak gores you.
* * * LOW HITPOINT WARNING * * *
You are engulfed in calcifying dust.
The catoblepas gores you!
* * * LOW HITPOINT WARNING * * *
The yak gores you!
* * * LOW HITPOINT WARNING * * *
You are engulfed in calcifying dust.
The catoblepas gores you!
* * * LOW HITPOINT WARNING * * *
The yak barely misses you. The yak gores you.
* * * LOW HITPOINT WARNING * * *
The catoblepas gores you!!
* * * LOW HITPOINT WARNING * * *
The yak gores you but does no damage.
You turn to flesh and can move again.
Your skin crawls.
You feel strong-willed. The catoblepas closely misses you. The yak gores you.
You die...

#####.~≈≈≈≈≈~~.# ## ###
####.#..~~≈≈≈≈≈~≈≈# #
..####.......~~≈≈~≈≈~~~#
..##..........~≈≈~..~..#
..##..........~≈≈.>.~.##
.......(......Y~.....##### ##
....(((......YY..........##
#P
...(.........##YY###......##
##
#.##.........###@###.......##
# ..####.##....#
#..#.........## ## ###
######### ##.......(....# #.
#.............# ##
###.........### #
#.......##.# #
#[..###.########
##..######.#...†
##..#.........#


You could see a catoblepas and 4 yaks.

Vanquished Creatures
  2 hydras (D:8)
  Erica (D:8)
  Pikel (D:7)
  8 elephants (Lair:1)
  2 cane toads (Lair:1)
  2 komodo dragons (Lair:1)
  A polar bear (D:8)
  Prince Ribbit (D:6)
  A troll (D:6)
  Grinder (D:3)
  8 yaks
  A wraith (D:7)
  A wyvern (Lair:1)
  6 basilisks (Lair:1)
  Grum (D:8)
  Menkaure (D:6)
  2 water moccasins
  Duvessa (D:6)
  An orc warrior (D:7)
  A black bear (D:4)
  2 ice beasts
  2 sky beasts (D:7)
  An ogre (D:5)
  10 wolves
  2 centaurs
  A kobold brigand (D:8)
  A necrophage (D:5)
  5 bullfrogs
  A gnoll sergeant (D:8)
  4 scorpions
  12 wights
  Dowan (D:6)
  2 howler monkeys
  2 jellies
  2 centaur zombies (Ossuary)
  4 hounds
  2 human zombies (Ossuary)
  3 orc priests
  An iguana (D:5)
  6 orc wizards
  4 hell rats (Lair:1)
  2 mummies (Ossuary)
  Robin (D:3)
  8 adders
  7 gnolls
  4 white imps
  An ufetubus (D:7)
  3 worms
  3 dart slugs
  21 orcs
  7 endoplasms
  6 giant cockroaches
  18 goblins
  9 hobgoblins
  7 jackals
  3 quokkas
  3 ball pythons
  2 bats
  2 frilled lizards
  2 gnoll zombies (Ossuary)
  2 goblin zombies (Ossuary)
  11 kobolds
  6 rats
239 creatures vanquished.

Vanquished Creatures (collateral kills)
  An orc warrior (D:7)
  A wight (D:6)
  An orc priest (D:7)
  A hell rat (Lair:1)
4 creatures vanquished.

Vanquished Creatures (others)
  A yak (D:8)
  A black bear (D:6)
  A wight (D:6)
  A hell rat (Lair:1)
  An orc wizard (D:8)
  A fungus (Lair:1)
  15 plants
21 creatures vanquished.

Grand Total: 264 creatures vanquished

Notes
Turn   | Place    | Note
-------+----------+-------------------------------------------
     0 | D:1      | Gabide the Mummy Berserker began the quest for the Orb.
     0 | D:1      | Reached XP level 1. HP: 18/18 MP: 1/1
   565 | D:1      | Reached XP level 2. HP: 21/24 MP: 2/2
   565 | D:1      | Found a faded altar of an unknown god.
  1479 | D:2      | Gained mutation: You are in touch with the powers of death.
                  | [Mummy growth]
  1479 | D:2      | Reached XP level 3. HP: 20/29 MP: 3/3
  1880 | D:2      | Found Befril's General Store.
  2095 | D:2      | Reached ** piety under Trog
  2449 | D:3      | Noticed Grinder
  2458 | D:3      | Paralysed by Grinder for 3 turns
  2487 | D:3      | Killed Grinder
  2488 | D:3      | Reached skill level 4 in Fighting
  2488 | D:3      | Reached XP level 4. HP: 9/38 MP: 4/4
  2488 | D:3      | Reached XP level 5. HP: 10/43 MP: 5/5
  3166 | D:3      | Reached XP level 6. HP: 44/50 MP: 6/6
  3341 | D:3      | Identified the +5 ring mail of Awniqu {*Slow Regen+ Int+8
                  | Slay-4}
  3412 | D:3      | Noticed Robin
  3679 | D:3      | Killed Robin
  3851 | D:3      | Reached skill level 5 in Fighting
  4411 | D:4      | Reached XP level 7. HP: 52/56 MP: 7/7
  4531 | D:4      | Reached *** piety under Trog
  5148 | D:5      | Entered Level 5 of the Dungeon
  5221 | D:5      | Reached skill level 6 in Fighting
  5229 | D:5      | Reached skill level 5 in Unarmed Combat
  5561 | D:5      | Reached XP level 8. HP: 43/65 MP: 8/8
  6526 | D:6      | Found a sand-covered staircase.
  6529 | D:6      | Noticed Menkaure
  6555 | D:6      | Killed Menkaure
  6556 | D:6      | Reached skill level 7 in Fighting
  6681 | Ossuary  | Entered an ossuary
  6933 | Ossuary  | Reached **** piety under Trog
  7169 | D:6      | Noticed Duvessa
  7170 | D:6      | Noticed Dowan
  7176 | D:6      | Killed Dowan
  7183 | D:6      | Killed Duvessa
  7370 | D:6      | Reached skill level 8 in Fighting
  7549 | D:6      | Reached XP level 9. HP: 68/74 MP: 9/9
  7651 | D:6      | Noticed Prince Ribbit
  7672 | D:6      | Killed Prince Ribbit
  8025 | D:6      | Noticed a troll
  8079 | D:6      | Killed a troll
  8080 | D:6      | Reached skill level 5 in Dodging
  8491 | D:7      | Reached skill level 9 in Fighting
  8853 | D:7      | Found Naket's Jewellery Shoppe.
  9021 | D:7      | Found a snail-covered altar of Cheibriados.
  9640 | D:7      | Found a staircase to the Ecumenical Temple.
  9667 | D:7      | Reached XP level 10. HP: 73/84 MP: 8/10
  9861 | D:7      | Identified the +2 robe of Xibit {rN+ Int-2 Dex+3}
 10094 | D:7      | Noticed Pikel
 10112 | D:7      | Killed Pikel
 10113 | D:7      | Reached skill level 10 in Fighting
 10922 | D:8      | Noticed Grum
 10931 | D:8      | Killed Grum
 11293 | D:8      | Found a staircase to the Lair.
 11304 | Lair:1   | Entered Level 1 of the Lair of Beasts
 11304 | Lair:1   | Noticed Erica
 11308 | Lair:1   | Noticed an eight-headed hydra
 11329 | D:8      | Killed Erica
 11846 | D:8      | Killed a six-headed hydra
 11847 | D:8      | Reached skill level 11 in Fighting
 11986 | Lair:1   | Reached XP level 11. HP: 44/93 MP: 6/11
 12917 | Lair:1   | Noticed a catoblepas
 12962 | Lair:1   | Noticed Fannar
 12972 | Lair:1   | Noticed a five-headed hydra
 13523 | D:8      | Killed a five-headed hydra
 13524 | D:8      | Reached skill level 10 in Unarmed Combat
 14180 | Lair:1   | Identified the +9 trident of Spring {vorpal, Fragile rF+
                  | Str+3 Stlth+}
 14233 | Lair:1   | Reached skill level 12 in Fighting
 15861 | Lair:1   | HP: 3/96 [catoblepas (9)]
 15863 | Lair:1   | Slain by a yak

Illustrated notes

Levels and vault maps discovered:
D:1:      ncdulo_smallfort, layout_basic, ebering_ecumenical_altar_hall,
          minmay_pentomino_z2
D:2:      layout_loops_ring, serial_shops, nicolae_shop_hallway_plus
D:3:      minmay_bubble_buster, layout_basic, serial_bayou, serial_bayou_pond_c,
          serial_bayou_lagoon_a, serial_bayou_pond_a, serial_bayou_pond_d,
          supply_closet_lemuel, uniq_grinder, uniq_robin
D:4:      layout_basic
D:5:      layout_basic
D:6:      layout_basic, zin_academy, enter_ossuary_1,
          chequers_serial_rivers_small_b, uniq_prince_ribbit1, uniq_menkaure,
          uniq_duvessa
D:7:      layout_basic, kennysheep_slug_shrine, minmay_temple_entry_large_hall,
          serial_shops, shop_fountains, uniq_pikel
D:8:      layout_basic, lair_entry_dummy, uniq_grum
Lair:1:   layout_cave_pods, lemuel_fruit_tree, grunt_megastairs_3,
          infiniplex_staircase_pool, uniq_fannar, uniq_erica

Skill      XL: |  1  2  3  4  5  6  7  8  9 10 11 |
---------------+----------------------------------+-----
Unarmed Combat | 3 4 5 6 8 9 10 | 10.6
Dodging        | 2 3 4 5 6 7 |  7.4
Fighting       | 4 5 6 8 9 11 12 | 12.5
Armour         | |  1.5

Action                   |  1- 3 |  4- 6 |  7- 9 | 10-12 || total
-------------------------+-------+-------+-------+-------++-------
Melee: Unarmed           |   190 |   177 |   481 |   372 ||  1220
       Punch             |     2 |     4 |    19 |    33 ||    58
       Scimitar          |       |       |       |     6 ||     6
       Trident           |       |       |       |   126 ||   126
Throw: Dart              |       |       |    26 |    37 ||    63
Invok: Trog's Hand       |       |     1 |     5 |     7 ||    13
Evoke: Wand              |       |       |     9 |    11 ||    20
  Use: Scroll            |       |     4 |    11 |     9 ||    24
Armor: Animal skin       |    26 |       |       |       ||    26
       Plate armour      |    39 |   116 |   146 |       ||   301
       Robe              |       |       |    27 |       ||    27
       Chain mail        |       |       |    44 |   351 ||   395
Dodge: Dodged            |    84 |    78 |   177 |   243 ||   582
